 Dungeon Sprint DCSS version 0.18-a0-1562-gac8da35 (webtiles) character file.

2269 pipel the Protected (level 9, -19/62 HPs)
             Began as a Minotaur Necromancer on Mar 13, 2016.
             Was a High Priest of Makhleb.
             Demolished by a balrug
             ... wielding a +1 demon whip of venom
             ... summoned by the player character
              (27 damage)
             ... in the Dungeon (Sprint VII: "The Pits").
             The game lasted 00:14:04 (668 turns).

pipel the Protected (Minotaur Necromancer)           Turns: 668, Time: 00:14:04

Health: -19/62     AC: 16    Str: 16    XL:     9   Next: 16%
Magic:  16/16      EV: 10    Int: 12    God:    Makhleb [*****.]
Gold:   0          SH:  0    Dex: 11    Spells: 4 memorised, 2 levels left

rFire  . . .     SeeInvis .     a - +1 broad axe (freeze)
rCold  . . .     Gourm    .     H - +4 scale mail
rNeg   . . .     Faith    .     (no shield)
rPois  .         Spirit   .     (helmet restricted)
rElec  .         Dismiss  .     F - +0 cloak
rCorr  .         Reflect  .     (no gloves)
SustAt .         Harm     .     G - +0 pair of boots
MR     .....     NoTele   +     (no amulet)
Stlth  ..........               (no ring)
                                (no ring)

@: not resistant to hostile enchantments, extremely unstealthy
A: retaliatory headbutt, horns 2
a: Minor Destruction, Lesser Servant of Makhleb, Major Destruction, Greater
Servant of Makhleb, Renounce Religion


You were in the Dungeon.
You worshipped Makhleb.
Makhleb was extremely pleased with you.
You were not hungry.

You visited 1 branch

Inventory:

Hand Weapons
 a - a +1 broad axe of freezing (weapon)
 t - a +2 hand axe
 u - a +0 trident of piercing
 E - a +1 hand axe of freezing
Missiles
 n - 15 stones (quivered)
Armour
 j - a +0 robe
 v - a +3 chain mail
 w - a +2 plate armour
 F - a +0 cloak (worn)
 G - a +0 pair of boots (worn)
 H - a +4 scale mail (worn)
 I - a +4 chain mail
Magical Staves
 b - an uncursed staff of energy
Jewellery
 y - a +3 ring of dexterity
 B - a +3 ring of dexterity
Scrolls
 p - 3 scrolls of remove curse
 q - 5 scrolls of amnesia
 r - a scroll of summoning
 s - 2 scrolls of vulnerability
Potions
 d - 7 potions of curing
 e - 4 potions of heal wounds
 f - a potion of haste
 g - 4 potions of magic
 h - 2 potions of berserk rage
 m - 2 potions of invisibility
 z - a potion of ambrosia {unknown}
 A - 3 potions of agility
 C - a potion of cure mutation
 D - a potion of resistance
Books
 o - a book of Necromancy

   Spells                             Type                      Level
   a - Pain                           Necromancy                   1
   b - Animate Skeleton               Necromancy                   1
   c - Vampiric Draining              Necromancy                   3
   d - Regeneration                   Charms/Necromancy            3
   e - Animate Dead                   Necromancy                   4
   f - Control Undead                 Necromancy                   4
Comestibles
 c - 8 bread rations
 k - 38 fruits
 l - 7 meat rations


   Skills:
 + Level 10.5 Axes
 - Level 12.4 Armour
 - Level 2.3 Dodging
 - Level 1.7 Stealth
 - Level 1.6 Spellcasting
 - Level 5.1 Charms
 * Level 6.3 Necromancy
 - Level 11.4 Invocations


You had 2 spell levels left.
You knew the following spells:

 Your Spells              Type           Power        Failure   Level  Hunger
a - Pain                  Necr           ###.         8%          1    ##.....
b - Control Undead        Necr           ###.......   63%         4    #####..
c - Animate Skeleton      Necr           N/A          8%          1    ##.....
r - Regeneration          Chrm/Necr      ##........   21%         3    ####...


Dungeon Overview and Level Annotations

Branches:
Dungeon (1/1)

Altars:
Ashenzari
Cheibriados
Dithmenos
Elyvilon
Fedhas
Kikubaaqudgha
Makhleb
Nemelex Xobeh
Okawaru
Pakellas
Ru
Sif Muna
Trog
Vehumet
Xom
Yredelemnul
Zin
The Shining One
Beogh
Jiyva
Lugonu


Innate Abilities, Weirdness & Mutations

You reflexively headbutt those who attack you in melee.
You have a pair of horns on your head.


Message History

The sheep barely misses you. The Executioner hits you!!
* * * LOW HITPOINT WARNING * * *
The Executioner barely misses you.
The Executioner hits you but does no damage.
Your green death misses the Executioner.
There is an open door to the Storerooms (Easy), spattered with blood here.
You take 20 damage, and have 13/62 hp.
MASSIVE DAMAGE!!
Unknown command.
Drink which item? (? for menu, Esc to quit)
You feel much better.
The Executioner hits you but does no damage.
The Executioner hits you. The Executioner barely misses you.
The Executioner hits you but does no damage.
The Executioner hits you!
The Executioner hits you but does no damage.
The sheep bites you.
The balrug hits you with a demon whip of venom!
* * * LOW HITPOINT WARNING * * *
You are engulfed in flames!!
You die...

############ #__________#
#__________#
#_#####'##############++#####
#.))'.'..##................
#)))#.#..##......#..#......
#######'#####.2§.............
#..........Y@1W..§§..........
#'#####'#####2..)..#..#......
#.#..#...'.##.....§...†......
#.#..#...#.#####'#####''#####
#.#..#####.##.......##++#####
#.#..'...#.##.......##......#
#.#..'...'.##.......##....###
#.#..########...<...##...##.'
#Z#..'.))..##.......##2†##..#


You could see a balrug, an Executioner, a freezing wraith, a sheep and a
friendly green death.

Vanquished Creatures
  A hippogriff (D)
  A big kobold (D)
  2 killer bees (D)
  A quasit (D)
  An iguana (D)
  A mummy (D)
  A gnoll (D)
  A river rat (D)
  A giant eyeball (D)
  An ooze (D)
  A ball python (D)
  A giant cockroach (D)
  A goblin (D)
  A quokka (D)
  2 giant newts (D)
  A rat (D)
18 creatures vanquished.

Vanquished Creatures (collateral kills)
  A merfolk impaler (D)
  A shadow wraith (D)
  A siren (D)
  A guardian mummy (D)
  4 merfolk (D)
  Sigmund (D)
  A tarantella (D)
  A wolf (D)
  4 killer bees (D)
  A jelly (D)
  A quasit (D)
  A hound (D)
  4 sheep (D)
  A gnoll (D)
  A giant gecko (D)
  2 giant cockroaches (D)
  A kobold (D)
27 creatures vanquished.

Grand Total: 45 creatures vanquished

Notes
Turn   | Place    | Note
--------------------------------------------------------------
     0 | D        | pipel the Minotaur Necromancer began the quest for the Orb.
     0 | D        | Reached XP level 1. HP: 14/14 MP: 1/1
    32 | D        | Found a sacrificial altar of Ru.
    32 | D        | Found a basalt altar of Yredelemnul.
    32 | D        | Found a glowing golden altar of the Shining One.
    32 | D        | Found a deep blue altar of Sif Muna.
    32 | D        | Found a burning altar of Makhleb.
    32 | D        | Found an ancient bone altar of Kikubaaqudgha.
    32 | D        | Found a glowing silver altar of Zin.
    33 | D        | Found a shadowy altar of Dithmenos.
    33 | D        | Found a bloodstained altar of Trog.
    33 | D        | Found a shattered altar of Ashenzari.
    33 | D        | Found a white marble altar of Elyvilon.
    33 | D        | Found a snail-covered altar of Cheibriados.
    33 | D        | Found a blossoming altar of Fedhas.
    33 | D        | Found a radiant altar of Vehumet.
    33 | D        | Found a shimmering altar of Xom.
    33 | D        | Found a sparkling altar of Nemelex Xobeh.
    33 | D        | Found a corrupted altar of Lugonu.
    33 | D        | Found a viscous altar of Jiyva.
    33 | D        | Found a roughly hewn altar of Beogh.
    33 | D        | Found an iron altar of Okawaru.
    34 | D        | Found an oddly glowing altar of Pakellas.
    36 | D        | Became a worshipper of Makhleb the Destroyer
    58 | D        | Reached * piety under Makhleb
    58 | D        | Reached XP level 2. HP: 7/20 MP: 0/3
    93 | D        | Paralysed by a giant eyeball for 2 turns
   108 | D        | Reached ** piety under Makhleb
   108 | D        | Reached skill level 5 in Axes
   114 | D        | Reached XP level 3. HP: 20/26 MP: 4/4
   115 | D        | Reached *** piety under Makhleb
   132 | D        | Learned a level 3 spell: Regeneration
   157 | D        | Learned a level 1 spell: Animate Skeleton
   190 | D        | Reached skill level 1 in Charms
   190 | D        | Reached XP level 4. HP: 33/33 MP: 0/5
   200 | D        | Reached **** piety under Makhleb
   201 | D        | Noticed Sigmund
   208 | D        | Killed Sigmund
   208 | D        | Reached XP level 5. HP: 38/38 MP: 1/7
   209 | D        | Reached skill level 2 in Armour
   229 | D        | Reached ***** piety under Makhleb
   229 | D        | Reached skill level 3 in Armour
   233 | D        | Noticed a hippogriff
   237 | D        | Killed a hippogriff
   237 | D        | Reached skill level 6 in Armour
   237 | D        | Reached skill level 5 in Invocations
   237 | D        | Reached XP level 6. HP: 45/45 MP: 6/8
   254 | D        | Reached skill level 7 in Armour
   262 | D        | Noticed a guardian mummy
   268 | D        | Reached skill level 8 in Armour
   276 | D        | Killed a guardian mummy
   276 | D        | Reached skill level 10 in Armour
   276 | D        | Reached XP level 7. HP: 45/50 MP: 7/10
   393 | D        | Reached ****** piety under Makhleb
   467 | D        | Reached skill level 5 in Necromancy
   515 | D        | Noticed a merfolk
   516 | D        | Noticed a merfolk
   517 | D        | Noticed a merfolk
   518 | D        | Noticed a siren
   518 | D        | Noticed a merfolk
   519 | D        | Noticed a merfolk impaler
   527 | D        | Killed a merfolk
   528 | D        | Killed a merfolk
   528 | D        | Reached skill level 11 in Armour
   528 | D        | Reached XP level 8. HP: 35/57 MP: 3/13
   532 | D        | Killed a merfolk impaler
   532 | D        | Reached skill level 10 in Axes
   534 | D        | Killed a merfolk
   534 | D        | Reached skill level 10 in Invocations
   535 | D        | Killed a merfolk
   538 | D        | Killed a siren
   538 | D        | Reached skill level 12 in Armour
   538 | D        | Reached skill level 5 in Charms
   547 | D        | Reached XP level 9. HP: 28/62 MP: 2/16
   551 | D        | Killed a shadow wraith
   556 | D        | Noticed a freezing wraith
   636 | D        | Learned a level 4 spell: Control Undead
   664 | D        | Noticed an Executioner
   665 | D        | Noticed a balrug
   668 | D        | Demolished by a balrug

Vault maps used:
D:        pitsprint

Skill      XL: |  1  2  3  4  5  6  7  8  9 |
---------------+----------------------------+-----
Necromancy     | 3 5 6 |  6.3
Axes           | 3 6 7 8 9 10 | 10.5
Invocations    | 2 4 5 6 8 10 11 | 11.4
Charms         | 1 4 5 |  5.1
Armour         | 6 10 11 12 | 12.4
Dodging        | |  2.3
Stealth        | |  1.7
Spellcasting   | |  1.6

Action                   |  1- 3 |  4- 6 |  7- 9 || total
-------------------------+-------+-------+-------++-------
Melee: Unarmed           |     3 |       |       ||     3
       Hand axe          |    14 |    15 |    21 ||    50
       Trident           |       |     2 |       ||     2
Throw: Stone             |     1 |     3 |       ||     4
 Cast: Pain              |     4 |       |       ||     4
       Regeneration      |     2 |     3 |     7 ||    12
       Animate Skeleton  |     1 |     3 |     2 ||     6
Invok: Minor Destruction |     3 |       |       ||     3
       Lesser Servant of |     1 |     1 |     6 ||     8
       Major Destruction |       |       |     4 ||     4
       Greater Servant o |       |       |     5 ||     5
Evoke: Staff of energy   |       |     6 |     8 ||    14
  Use: Potion            |     1 |       |     6 ||     7
       Scroll            |       |       |     1 ||     1
 Stab: Sleeping          |     1 |       |       ||     1
       Distracted        |       |     1 |       ||     1
  Eat: Chunk             |       |       |     3 ||     3
       Fruit             |       |       |     2 ||     2
